 Dungeon Crawl Stone Soup version 0.20-a0-556-g892c87b (webtiles) character file.

181113 seren the Brawler (level 17, -12/178 HPs)
             Began as a Troll Monk on Feb 3, 2017.
             Was the Champion of Ashenzari.
             Mangled by a salamander
             ... wielding a +0 glaive
              (13 damage)
             ... on level 1 of the Snake Pit on Feb 4, 2017.
             The game lasted 04:14:28 (42358 turns).

seren the Brawler (Troll Monk)                     Turns: 42358, Time: 04:14:29

Health: -12/178    AC: 14    Str: 25    XL:     17   Next: 32%
Magic:  16/16      EV: 16    Int:  6    God:    Ashenzari [******]
Gold:   1725       SH: 13    Dex: 15    Spells: 12/16 levels left

rFire    . . .     SeeInvis +     - Unarmed
rCold    . . .     Gourm    +   x - +1 acid dragon scales (curse)
rNeg     . . .     Faith    .   R - +0 shield (curse)
rPois    .         Spirit   .   (helmet restricted)
rElec    .         Reflect  .   C - +2 cloak (curse)
rCorr    +         Harm     .   (gloves unavailable)
MR       ++...     Clarity  +   (boots unavailable)
Stlth    +++.......             (no amulet)
Regen    0.8/turn               y - ring of protection from magic
                                v - ring of stealth

@: lethally poisoned (-12 -> -13), exhausted, slowed, very slow
A: unfitting armour, claws 3, hooves 1, fast metabolism 3, gourmand,
regeneration 1, shaggy fur 1, tough skin 2
}: 1/15 runes: barnacled
a: Curse Item, Scrying, Transfer Knowledge, Renounce Religion


You were on level 1 of the Snake Pit.
You worshipped Ashenzari.
Ashenzari was exalted by your worship.
You were not hungry.

You visited 7 branches of the dungeon, and saw 31 of its levels.
You also visited: Sewer.

You collected 2377 gold pieces.
You spent 652 gold pieces at shops.

Inventory:

Hand Weapons
 r - the +2 hand axe of Indomitability {holy, rF+ rC- MR+++ Dex+3}
   (You found it on level 3 of the Shoals)

   It has been blessed by the Shining One to cause great damage to the undead
   and demons.
   It affects your dexterity (+3).
   It protects you from fire.
   It makes you vulnerable to cold.
   It affects your resistance to hostile enchantments.
 F - the +8 morningstar of the Nine Scars {flame, Dex+2}
   (You found it on level 14 of the Dungeon)

   It has been specially enchanted to burn those struck by it, causing extra
   injury to most foes and up to half again as much damage against particularly
   susceptible opponents.
   It affects your dexterity (+2).
 Q - a +0 mace of freezing
Missiles
 m - 6 throwing nets
 n - 57 tomahawks
 p - 19 large rocks
 L - 7 javelins
 M - 15 javelins of penetration (quivered)
 P - 13 javelins of returning
Armour
 x - cursed +1 acid dragon scales (worn)
 C - a cursed +2 cloak (worn)
 R - a cursed +0 shield (worn)
Jewellery
 v - a ring of stealth (left claw)
 y - a ring of protection from magic (right claw)
 A - an uncursed ring of protection from magic
 D - an uncursed ring of ice
 V - the ring of Qaafretz {Int+4 SInv}
   (You bought it in a shop on level 2 of the Orcish Mines)

   [ring of see invisible]

   It affects your intelligence (+4).
   It lets you see invisible.
Wands
 j - a wand of disintegration (19/24)
 t - a wand of flame (19/48)
 B - a wand of paralysis (13/24)
 G - a wand of confusion (19/48)
 K - a wand of iceblast (5/15)
 N - a wand of lightning (8/15)
 T - a wand of scattershot (2/9)
Scrolls
 c - 3 scrolls of immolation
 g - 3 scrolls of fog
 i - 10 scrolls of remove curse
 l - 5 scrolls of teleportation
 u - 6 scrolls of identify
 z - 2 scrolls of amnesia
 I - 3 scrolls of magic mapping
Potions
 d - a potion of flight
 f - 3 potions of haste
 o - a potion of lignification
 q - 2 potions of curing
 s - 2 potions of cancellation
 H - 2 potions of invisibility
 U - a potion of magic
Books
 E - a book of Geomancy

   Spells                             Type                      Level
   a - Sandblast                      Earth                        1
   b - Passwall                       Transmutation/Earth          2
   c - Stone Arrow                    Conjuration/Earth            3
   d - Petrify                        Transmutation/Earth          4
   e - Lee's Rapid Deconstruction     Earth                        5
 O - a book of the Tempests

   Spells                             Type                      Level
   a - Static Discharge               Conjuration/Air              3
   b - Lightning Bolt                 Conjuration/Air              5
   c - Fireball                       Conjuration/Fire             5
   d - Tornado                        Air                          9
   e - Shatter                        Earth                        9
Miscellaneous
 a - 2 phantom mirrors
 e - a sack of spiders
 w - 2 boxes of beasts
Comestibles
 b - 20 bread rations
 h - 11 royal jellies
 k - 15 meat rations
 J - 10 fruits


   Skills:
 - Level 13.3 Fighting
 - Level 10.0 Throwing
 - Level 6.1 Armour
 - Level 7.0(10.1) Dodging
 - Level 1.0(2.7) Stealth
 - Level 10.0(12.8) Shields
 + Level 18.9 Unarmed Combat
 - Level 4.0 Translocations


You had 12 spell levels left.
You knew the following spells:

 Your Spells              Type           Power        Failure   Level  Hunger
a - Apportation           Tloc           #.....       12%         1    ##.....
b - Summon Butterflies    Summ           #.......     63%         1    ##.....
c - Blink                 Tloc           N/A          17%         2    ###....


Dungeon Overview and Level Annotations

Branches:
Dungeon (15/15)            Temple (1/1) D:4            Lair (6/6) D:10
 Shoals (4/4) Lair:4        Snake (2/4) Lair:2        Slime (0/5) Lair:5
    Orc (2/2) D:12            Elf (0/3) Orc:2        Depths (1/5) D:15
 Vaults: D:13-14

Altars:
Ashenzari
Cheibriados
Dithmenos
Elyvilon
Fedhas
Gozag
Hepliaklqana
Kikubaaqudgha
Makhleb
Nemelex Xobeh
Okawaru
Qazlal
Ru
Sif Muna
Trog
Uskayaw
Vehumet
Xom
Yredelemnul
Zin
The Shining One
Beogh

Shops:
D:6 (   D:7 (   D:8 ?   D:12 [:*   Orc:2 **%}(

Annotations:
D:9 exclusion: downstairs
D:10 double head ogre
D:13 cache to digg
D:14 exclusion: door
Lair:2 spriggan forest
Lair:3 six head hydra, Gastronok
Lair:5 exclusion: downstairs
Lair:6 to finish, wizard
Shoals:3 exclusion: downstairs
Shoals:4 4 krakens, Ilsuiw


Innate Abilities, Weirdness & Mutations

You are too large for most types of armour.
You have claws for hands.
Your metabolism is lightning-fast.
You like to eat raw meat.
Your natural rate of healing is unusually fast.
You are covered in fur. (AC +1)
You have very tough skin. (AC +2)
You have large cloven feet.


Message History

* * * LOW HITPOINT WARNING * * *
You feel sick.
* * * LOW HITPOINT WARNING * * *
You feel very sick.
* * * LOW HITPOINT WARNING * * *
You feel very sick.
* * * LOW HITPOINT WARNING * * *
You feel sick.
* * * LOW HITPOINT WARNING * * *
You feel sick.
* * * LOW HITPOINT WARNING * * *
You feel sick. You block the salamander's attack.
* * * LOW HITPOINT WARNING * * *
You feel sick.
The naga mage casts a spell.
The naga mage seems to speed up.
* * * LOW HITPOINT WARNING * * *
You feel sick.
The salamander hits you from afar with a glaive!
You die...

.....................##..........
########......#......##..........
########....N.##.....##..........
............>N##N....##.....†....
...(..........##..=..##..........
..............##.....##........##
..............##N....##........##
..............##.....##........##
..............##@....##........##
..............##.....##........##
..............##...............##
..............##...............##
..............##...............##
..............########.........##
.##.....##....#########........##
.##.....##....##.....############
.##.....##.)..##......##########.


You could see a salamander and a naga mage.

Vanquished Creatures
  A nagaraja (Snake:2)
  The ghost of Rhoefr the Cleaver, a journeyman GrEE of Ashenzari (Orc:2)
  2 merfolk impalers
  4 merfolk javelineers (Shoals:4)
  2 naga warriors (Snake:1)
  8 hydras
  3 anacondas
  10 two-headed ogres
  6 merfolk avatars
  3 alligator snapping turtles
  An ogre mage (D:15)
  7 satyrs
  21 death yaks
  2 tengu warriors (D:15)
  3 merfolk aquamancers
  A naga sharpshooter (Snake:1)
  3 orc high priests (Orc:2)
  2 shock serpents (Snake:1)
  A deep troll (shapeshifter) (D:15)
  2 unseen horrors
  14 sea snakes
  A naga ritualist (Snake:1)
  5 harpies
  2 mana vipers (Snake:1)
  6 orc knights
  10 ugly things
  31 fauns
  2 oklob plants
  3 salamanders
  4 cyclopes
  4 orc sorcerers
  Maurice (Orc:1)
  A guardian serpent (Snake:1)
  12 manticores
  5 merfolk sirens
  11 black mambas
  2 torpor snails
  6 naga magi
  2 centaur zombies
  6 water nymphs
  A kobold demonologist (D:13)
  4 gargoyles
  12 spiny frogs
  9 komodo dragons
  2 rime drakes
  25 merfolk
  6 meliai
  2 tengu conjurers (D:15)
  A queen bee (Lair:5)
  4 trolls
  4 hornets
  7 wind drakes
  6 polar bears
  14 snapping turtles
  17 dream sheep
  15 slime creatures
  11 blink frogs
  15 hippogriffs
  8 spriggans
  3 shadows
  16 water elementals
  A wraith (D:15)
  A vampire (D:10)
  6 wyverns
  42 yaks
  6 basilisks
  Grum (D:9)
  A fire bat (shapeshifter) (D:14)
  4 hungry ghosts
  2 wargs
  An acid dragon (D:14)
  14 nagas
  3 soldier ants
  10 water moccasins
  8 porcupines
  18 orc warriors
  A meliai simulacrum (D:14)
  A swamp drake (D:10)
  5 black bears
  5 sky beasts
  10 ice beasts
  2 phantoms (D:9)
  10 wolves
  An eye of draining (D:11)
  4 boggarts (Lair:6)
  17 ogres
  13 centaurs
  8 crocodiles
  5 big kobolds
  17 bullfrogs
  A wyvern skeleton (D:12)
  8 scorpions
  20 killer bees
  8 wights
  11 howler monkeys
  2 electric eels (Lair:6)
  5 crimson imps
  21 orc priests
  9 jellies
  A gnoll shaman (D:6)
  Crazy Yiuf (D:2)
  4 bullfrog skeletons
  4 centaur skeletons
  6 hounds
  12 orc wizards
  Jessica (D:2)
  An iguana (D:14)
  7 hell rats
  9 worker ants
  25 adders
  8 gnolls
  3 shadow imps
  An adder skeleton (D:7)
  3 worms
  3 dart slugs
  7 leopard geckos
  66 orcs
  6 ball pythons (Sewer)
  4 bats
  7 giant cockroaches
  10 goblins
  11 hobgoblins
  6 jackals
  26 kobolds
  7 quokkas
  2 frilled lizards (Sewer)
  2 leopard gecko skeletons
  2 quokka skeletons
  12 rats
  28 plants
980 creatures vanquished.

Vanquished Creatures (others)
  A merfolk impaler (Shoals:4)
  13 fungi
  64 plants
  7 tentacles (Shoals:4)
85 creatures vanquished.

Grand Total: 1065 creatures vanquished

Notes
Turn   | Place    | Note
-------+----------+-------------------------------------------
     0 | D:1      | seren the Troll Monk began the quest for the Orb.
     0 | D:1      | Reached XP level 1. HP: 22/22 MP: 0/0
   268 | D:1      | Reached XP level 2. HP: 29/29 MP: 1/1
   871 | D:2      | Reached skill level 4 in Unarmed Combat
   929 | D:2      | Reached XP level 3. HP: 36/36 MP: 2/2
  1202 | D:2      | Noticed Jessica
  1210 | D:2      | Killed Jessica
  1210 | D:2      | Reached skill level 5 in Unarmed Combat
  1210 | D:2      | Reached XP level 4. HP: 44/44 MP: 3/3
  1280 | D:2      | Found a runed door.
  1600 | D:3      | Found a glowing drain.
  1609 | Sewer    | Entered a sewer
  1620 | Sewer    | Reached XP level 5. HP: 42/50 MP: 4/4
  1821 | Sewer    | Reached skill level 6 in Unarmed Combat
  1926 | Sewer    | Reached XP level 6. HP: 36/59 MP: 5/5
  2064 | D:3      | Reached skill level 7 in Unarmed Combat
  3145 | D:4      | Found a staircase to the Ecumenical Temple.
  3152 | Temple   | Entered the Ecumenical Temple
  3205 | Temple   | Became a worshipper of Ashenzari the Shackled
  3205 | Temple   | Reached * piety under Ashenzari
  3205 | Temple   | Reached ** piety under Ashenzari
  3384 | D:4      | Reached skill level 8 in Unarmed Combat
  3428 | D:4      | Reached XP level 7. HP: 51/66 MP: 6/6
  3708 | D:4      | Found a glowing silver altar of Zin.
  3757 | D:5      | Entered Level 5 of the Dungeon
  4046 | D:5      | Reached skill level 9 in Unarmed Combat
  4690 | D:6      | Found Ikisupe's Antique Weapon Shop.
  4754 | D:6      | Found a snail-covered altar of Cheibriados.
  4770 | D:6      | Reached XP level 8. HP: 59/74 MP: 7/7
  4789 | D:6      | Reached skill level 10 in Unarmed Combat
  4955 | D:6      | Got the trident of Strategic Superiority {pain, Int+3 SInv}
  5157 | D:7      | Found a hazy altar of Hepliaklqana.
  5502 | D:7      | Found Xecku's Antique Weapon Shoppe.
  5704 | D:7      | Reached XP level 9. HP: 75/85 MP: 8/8
  5781 | D:7      | Reached skill level 5 in Fighting
  5781 | D:7      | Reached skill level 5 in Dodging
  6016 | D:8      | Found a glowing golden altar of the Shining One.
  6016 | D:8      | Found an iron altar of Okawaru.
  6198 | D:8      | Found Qisaa's Magic Scroll Boutique.
  6203 | D:8      | Bought a scroll of identify for 28 gold pieces
  6203 | D:8      | Bought a scroll of magic mapping for 49 gold pieces
  6204 | D:8      | Bought a scroll of enchant armour for 105 gold pieces
  6506 | D:8      | Found a shimmering altar of Xom.
  6506 | D:8      | Found a shimmering altar of Xom.
  6508 | D:8      | Found a shimmering altar of Xom.
  6508 | D:8      | Found a shimmering altar of Xom.
  6742 | D:9      | Found a sparkling altar of Nemelex Xobeh.
  6968 | D:9      | Got the cursed short sword "Engym" {drain, MR+ Dex+7 Stlth-}
  7076 | D:9      | Reached *** piety under Ashenzari
  7243 | D:9      | Noticed a two-headed ogre
  7246 | D:10     | Entered Level 10 of the Dungeon
  7521 | D:10     | Reached XP level 10. HP: 99/100 MP: 9/9
  7744 | D:10     | Got the quarterstaff "Concordance" {protect, Str+4}
  7972 | D:10     | Reached skill level 11 in Unarmed Combat
  8182 | D:10     | Noticed a two-headed ogre
  8365 | D:11     | Noticed a gargoyle
  8498 | D:10     | Noticed a two-headed ogre
  8724 | D:11     | Reached skill level 1 in Throwing
  8951 | D:11     | Noticed a purple ugly thing
  9276 | D:10     | Identified the +5 quarterstaff "Concordance" {protect, Str+4} (You found it on level 10 of the Dungeon)
  9340 | D:10     | Found a staircase to the Lair.
  9346 | Lair:1   | Entered Level 1 of the Lair of Beasts
  9642 | Lair:1   | Noticed a black mamba
  9646 | Lair:1   | Killed a black mamba
  9768 | Lair:1   | Reached **** piety under Ashenzari
 10289 | Lair:2   | Found a staircase to the Snake Pit.
 10314 | Lair:2   | Noticed a spiny frog
 10322 | Lair:2   | Killed a spiny frog
 10322 | Lair:2   | Reached XP level 11. HP: 86/111 MP: 10/10
 10429 | Lair:2   | Learned a level 1 spell: Apportation
 10431 | Lair:2   | Learned a level 1 spell: Summon Butterflies
 11353 | Lair:3   | Reached skill level 12 in Unarmed Combat
 11527 | Lair:3   | Noticed Gastronok
 11645 | Lair:3   | Noticed a six-headed hydra
 11837 | D:9      | Paralysed by a hornet for 1 turns
 11840 | D:9      | Paralysed by a hornet for 2 turns
 12006 | D:9      | Noticed Grum
 12018 | D:9      | Killed Grum
 12393 | D:9      | Killed a two-headed ogre
 12393 | D:9      | Reached skill level 13 in Unarmed Combat
 12637 | D:2      | Noticed Crazy Yiuf
 12641 | D:2      | Killed Crazy Yiuf
 13690 | D:11     | Killed a green ugly thing
 13717 | D:11     | Reached XP level 12. HP: 121/123 MP: 11/11
 13773 | D:11     | Noticed a two-headed ogre
 13870 | D:11     | Reached skill level 14 in Unarmed Combat
 13987 | D:11     | Noticed a two-headed ogre
 14222 | D:10     | Killed a two-headed ogre
 14222 | D:10     | Reached skill level 5 in Throwing
 14285 | D:10     | Killed a two-headed ogre
 14368 | D:10     | Killed a two-headed ogre
 15115 | D:12     | Found a staircase to the Orcish Mines.
 15161 | D:12     | Found a roughly hewn altar of Beogh.
 15190 | Orc:1    | Entered Level 1 of the Orcish Mines
 15486 | Orc:2    | Entered Level 2 of the Orcish Mines
 15486 | Orc:2    | Found a staircase to the Elven Halls.
 15504 | Orc:2    | Noticed Rhoefr's ghost (journeyman GrEE)
 15771 | D:12     | Found Keari's Book Emporium.
 15916 | D:12     | Noticed a two-headed ogre
 15927 | D:12     | Killed a two-headed ogre
 15967 | D:12     | Found Jesicw's Armour Emporium.
 16007 | D:12     | Found Naoll's General Store.
 16014 | D:12     | Bought a scroll of identify for 30 gold pieces
 16159 | D:12     | Reached skill level 10 in Throwing
 16159 | D:12     | Reached XP level 13. HP: 125/131 MP: 12/12
 17619 | Lair:4   | Found a staircase to the Shoals.
 17670 | Lair:4   | Reached ***** piety under Ashenzari
 18190 | Lair:5   | Identified the ring of Lotisa {+Fly rPois rC+++ Dex+5 Slay-6}
 18203 | Lair:5   | Reached skill level 1 in Shields
 18261 | Lair:6   | Entered Level 6 of the Lair of Beasts
 18474 | Lair:5   | Found a staircase to the Slime Pits.
 19542 | Lair:4   | Reached skill level 5 in Shields
 21997 | D:11     | Reached XP level 14. HP: 122/140 MP: 13/13
 24023 | D:14     | Identified the +4 scale mail of Indemnity {*Drain rF+ Int+3 Dex+2}
 24391 | Orc:2    | Killed Rhoefr's ghost
 24705 | Orc:2    | Found Qepej Abecw's Assorted Antiques.
 24711 | Orc:2    | Bought a faintly glowing wooden ring for 100 gold pieces
 24711 | Orc:2    | Identified the ring of Qaafretz {Int+4 SInv} (You bought it in a shop on level 2 of the Orcish Mines)
 24723 | Orc:1    | Noticed Maurice
 24736 | Orc:1    | Killed Maurice
 25069 | Orc:2    | Found Hituppah's General Store.
 25069 | Orc:2    | Found Peohisku's Antique Weapon Shoppe.
 25069 | Orc:2    | Found Ylodwir's Food Shop.
 25069 | Orc:2    | Found Fiseyggi's Gadget Shoppe.
 25216 | Orc:2    | Reached skill level 10 in Shields
 25795 | Orc:2    | Reached skill level 15 in Unarmed Combat
 26174 | Orc:2    | Gained mutation: You have large cloven feet. [a neqoxec]
 26359 | Orc:2    | Bought a potion of curing for 45 gold pieces
 26359 | Orc:2    | Bought a scroll of teleportation for 45 gold pieces
 26359 | Orc:2    | Bought a scroll of identify for 30 gold pieces
 26604 | D:14     | Got the morningstar of the Nine Scars {flame, Dex+2}
 26605 | D:14     | Identified the +8 morningstar of the Nine Scars {flame, Dex+2} (You found it on level 14 of the Dungeon)
 26904 | D:14     | Found a glowing golden altar of the Shining One.
 27205 | D:15     | Entered Level 15 of the Dungeon
 27277 | D:15     | Reached skill level 16 in Unarmed Combat
 28525 | Lair:6   | Reached XP level 15. HP: 148/148 MP: 14/14
 28706 | Lair:5   | Reached skill level 17 in Unarmed Combat
 29034 | Lair:5   | Reached skill level 10 in Fighting
 29826 | Snake:1  | Entered Level 1 of the Snake Pit
 29919 | Snake:1  | Got the glaive of Trauma {holy, Str+5 Dex-5 Stlth+}
 30700 | D:15     | Found a glowing golden altar of the Shining One.
 31231 | D:15     | Found a staircase to the Depths.
 31313 | Depths:1 | Entered Level 1 of the Depths
 31821 | Shoals:1 | Entered Level 1 of the Shoals
 32116 | Shoals:1 | Reached ****** piety under Ashenzari
 32348 | Shoals:1 | Upgraded the game from 0.20-a0-553-g9f38e11 to 0.20-a0-556-g892c87b
 34358 | Shoals:2 | Reached XP level 16. HP: 120/169 MP: 15/15
 34793 | Shoals:4 | Entered Level 4 of the Shoals
 35037 | Shoals:3 | Reached skill level 1 in Translocations
 35361 | Shoals:4 | Noticed a kraken
 35361 | Shoals:4 | Noticed a kraken
 35361 | Shoals:4 | Noticed a kraken
 35361 | Shoals:4 | Noticed a kraken
 36013 | D:12     | Bought a book of Minor Magic for 220 gold pieces
 36016 | D:12     | Learned a level 2 spell: Blink
 36492 | Shoals:3 | Got the hand axe of Indomitability {holy, rF+ rC- MR+++ Dex+3}
 38035 | Shoals:4 | Reached skill level 18 in Unarmed Combat
 38299 | Shoals:4 | Reached skill level 1 in Armour
 39459 | Shoals:4 | Reached skill level 5 in Armour
 39906 | Shoals:4 | Noticed Ilsuiw
 40004 | Shoals:3 | Reached XP level 17. HP: 160/178 MP: 16/16
 40551 | Shoals:4 | Got a barnacled rune of Zot
 41408 | Snake:1  | HP: 6/178 [shock serpent/bolt of electricity (20)]
 42348 | Snake:1  | HP: 13/267 [poisoned by a guardian serpent (bolt of poison)]
 42352 | Snake:1  | HP: 6/178 [poisoned by a guardian serpent (bolt of poison)]
 42355 | Snake:1  | HP: 2/178 [poisoned by a guardian serpent (bolt of poison)]
 42358 | Snake:1  | Mangled by a salamander

Vault maps used:
D:1:      shiori_shiawase
D:2:      uniq_jessica, uniq_crazy_yiuf_cottage
D:3:      portal_sewer_entry_d, minivault_19
D:4:      zin_scriptorium, temple_green
D:5:      first_bread
D:6:      old_standard_altar, serial_shops, nicolae_shop_stone
D:7:      old_standard_altar, serial_shops, shop, serial_glass, glass_columns_a,
          glass_columns_b, glass_columns_a, glass_columns_c, the_bakery
D:8:      grunt_temple_overflow_open, serial_shops, nicolae_shop_statue_plus,
          minmay_misc_feat_four_crosses, minmay_statues_item, xom_redecorated
D:9:      kennysheep_mini_moat, kennysheep_generic_room_12, uniq_grum
D:10:     erik_lair_dragon, stair_cage_line
D:11:     minmay_opposing_rooms
D:12:     minmay_orc_entry_temple_small, serial_shops, shop,
          kennysheep_little_box, shop, portal_ice_cave_entry_ice_beasts
D:13:     onia_ninara_dug_in_and_dangerous
D:14:     grunt_vaults_entry_fortified, tso_altar
D:15:     hangedman_depths_entry_try_elsewhere_first, serial_bayou_pond_e,
          basic_altar
Temple:   eino_wide_crystal_templ
Lair:2:   kb_forest_paths, guppyfry_snake_entry_garden, serial_bayou_shore_b
Lair:3:   dragon1_lemuel, beast_lair_carwin_3, lemuel_fruit_tree, uniq_gastronok
Lair:4:   elwin_shoals_entry_rocks, beast_lair_carwin_11, grunt_megastairs_5
Lair:5:   minmay_slime_entry_pillars, grunt_forest_stairs_clearing
Lair:6:   evil_forest, kilobyte_rumbling_trees, serial_bayou_shore_a
Shoals:3: nicolae_shoals_water_elemental_grotto
Shoals:4: shoals_end_grunt_garden, shoals_ilsuiw_ice,
          nicolae_shoals_kraken_party, uniq_kirke
Snake:2:  special_room, serial_shops, shop, basic_altar, grunt_ministairs_10,
          nicolae_snake_squiggles, nicolae_snake_linked_coils,
          nicolae_coiled_stairwell_up
Orc:1:    uniq_maurice
Orc:2:    grunt_orc_tribal_feast, serial_shops, shop
Depths:1: hell_entry, serial_bayou_pond_c, kennysheep_generic_room_3,
          grunt_megastairs_1
Sewer:    sewer_frog_island_01

Skill      XL: |  1  2  3  4  5  6  7  8  9 10 11 12 13 14 15 16 |
---------------+-------------------------------------------------+-----
Unarmed Combat | 4 5 6 8 9 10 11 13 14 16 17 18 | 18.9
Dodging        | 4 7 |  7.0
Fighting       | 4 6 8 9 13 | 13.3
Throwing       | 4 10 | 10.0
Shields        | 7 10 | 10.0
Translocations | 4 |  4.0
Armour         | 6 |  6.1
Stealth        | |  1.0

Action                   |  1- 3 |  4- 6 |  7- 9 | 10-12 | 13-15 | 16-18 || total
-------------------------+-------+-------+-------+-------+-------+-------++-------
Melee: Unarmed           |   101 |   180 |   247 |   629 |  1533 |   751 ||  3441
       Punch             |     2 |     3 |     8 |    57 |    54 |       ||   124
       Quarterstaff      |       |       |       |       |     6 |       ||     6
       Kick              |       |       |       |       |   302 |   322 ||   624
       Morningstar       |       |       |       |       |     5 |       ||     5
 Fire: Blowgun           |       |       |     4 |       |       |       ||     4
Throw: Stone             |     2 |       |       |       |       |       ||     2
       Large rock        |       |       |       |    17 |    47 |       ||    64
       Tomahawk          |       |       |       |       |    14 |   225 ||   239
       Javelin           |       |       |       |       |       |    47 ||    47
       Throwing net      |       |       |       |       |       |     1 ||     1
 Cast: Apportation       |       |       |       |       |       |    19 ||    19
Invok: Curse Item        |       |       |     1 |       |     2 |       ||     3
       Scrying           |       |       |       |     1 |     5 |       ||     6
Evoke: Wand              |       |       |       |     1 |     1 |       ||     2
  Use: Scroll            |       |     2 |    12 |     6 |    19 |     6 ||    45
       Potion            |       |       |       |     5 |     7 |     3 ||    15
 Stab: Sleeping          |     1 |     5 |    14 |    10 |     9 |     3 ||    42
       Distracted        |       |       |     1 |     1 |     5 |     2 ||     9
  Eat: Chunk             |    17 |    20 |    35 |    88 |   152 |    66 ||   378
       Meat ration       |       |       |       |       |     2 |       ||     2
       Royal jelly       |       |       |       |       |     3 |     2 ||     5
       Fruit             |       |       |       |       |       |     1 ||     1
Armor: Robe              |    30 |    59 |    57 |   114 |   158 |       ||   418
       Skin              |       |       |       |    18 |     7 |       ||    25
       Acid dragon scale |       |       |       |       |   213 |    99 ||   312
Dodge: Dodged            |    50 |    90 |   118 |   326 |   912 |   279 ||  1775
Block: Shield            |       |       |       |       |   388 |   384 ||   772
